 Dungeon Crawl Stone Soup version 0.22.1-1-ga44c0e56f4 (webtiles) character file.

802 Knicklaso the Charlatan (level 7, -6/61 HPs)
             Began as a White Draconian Artificer on Oct 1, 2018.
             Mangled by an orc warrior
             ... wielding a +0 hand axe
              (18 damage)
             ... on level 6 of the Dungeon.
             The game lasted 00:22:18 (7319 turns).

Knicklaso the Charlatan (White Draconian Artificer) Turns: 7319, Time: 00:22:19

Health: -6/61      AC:  7    Str: 20    XL:     7   Next: 59%
Magic:  11/11      EV: 12    Int: 13    God:
Gold:   236        SH:  0    Dex: 11    Spells: 6/6 levels left

rFire    . . .     SeeInvis .   z - +1 mace (protect)
rCold    + . .     Gourm    .   (no shield)
rNeg     . . .     Faith    .   (armour unavailable)
rPois    .         Spirit   .   (helmet restricted)
rElec    .         Reflect  .   i - scarf {repulsion}
rCorr    .         Harm     .   (no gloves)
MR       .....                  n - +0 pair of boots
Stlth    +.........             (no amulet)
HPRegen  0.20/turn              (no ring)
MPRegen  0.12/turn              (no ring)

@: mighty, short of breath, repel missiles
A: breathe frost, unfitting armour, cold resistance 1, cold-blooded, AC +6
a: Breathe Frost


You were on level 6 of the Dungeon.
You were hungry.

You visited 1 branch of the dungeon, and saw 6 of its levels.

You collected 236 gold pieces.

Inventory:

Hand Weapons
 z - a +1 mace of protection (weapon)
Missiles
 h - 115 stones (quivered)
Armour
 i - a scarf of repulsion (worn)
 n - a +0 pair of boots (worn)
Jewellery
 p - an uncursed ring of protection from fire {unknown}
 q - a +2 amulet of reflection {unknown}
 x - an uncursed amulet of magic regeneration {unknown}
Wands
 b - a wand of flame (15)
 c - a wand of enslavement (14)
 g - a wand of random effects (14)
Scrolls
 d - 5 scrolls of remove curse
 e - 8 scrolls of identify
 j - 2 scrolls of teleportation
 l - a scroll of enchant weapon {unknown}
 o - 2 scrolls of blinking {unknown}
 s - a scroll of amnesia {unknown}
 u - 3 scrolls of magic mapping {unknown}
 y - a scroll of fear {unknown}
Potions
 a - a potion of magic {unknown}
 k - a potion of curing
 r - a potion of flight {unknown}
 t - 2 potions of heal wounds {unknown}
 v - 2 potions of haste {unknown}
 w - a potion of degeneration {unknown}
 B - a potion of berserk rage {unknown}
Comestibles
 f - 7 rations


   Skills:
 + Level 5.5 Fighting
   Level 1.0 Short Blades
 - Level 1.7 Dodging
 - Level 0.8 Stealth
   Level 0.5 Shields
 * Level 4.2 Unarmed Combat
 + Level 5.9 Evocations


You had 6 spell levels left.
You didn't know any spells.
Your spell library was empty.

Dungeon Overview and Level Annotations

Branches:
Dungeon (6/15)             Temple (0/1) D:6

Altars:
Cheibriados
Dithmenos
Gozag
Hepliaklqana
Kikubaaqudgha
Qazlal
Wu Jian

Shops:
D:6 %

Annotations:
D:4 3 runed doors, kit10's ghost, amateur HOFi
D:5 1 runed door, brittlin's ghost, amateur HOFi


Innate Abilities, Weirdness & Mutations

You can breathe waves of freezing cold.
You can buffet flying creatures when you breathe cold.
Your icy white scales are hard. (AC +6)
You cannot fit into any form of body armour.
Your flesh is cold resistant. (rC+)
You are cold-blooded and may be slowed by cold attacks.


Message History

The orc warrior barely misses you.
You feel better.
The quokka bites you but does no damage.
The quokka bites you. The orc warrior barely misses you.
Okay, then.
Press: ? - help, Shift-Dir - straight line, f - orc warrior
Aim: an orc warrior, wielding a hand axe and wearing a plate armour You exhale a wave of freezing cold.
The freezing breath hits the orc warrior.
The orc warrior is lightly wounded.
You feel somewhat more hungry. The quokka closely misses you.
You feel very mighty all of a sudden. The quokka closely misses you.
The orc warrior hits you with a hand axe!
* * * LOW HITPOINT WARNING * * *
You barely miss the orc warrior.
The orc warrior is lightly wounded.
The quokka barely misses you.
The orc warrior hits you with a hand axe!!
You die...

#......# ###........##
##.....####....###....###
#..#.∩##....#.####...P.P.
##...#....##...[......PP.
####..####..........P>..
#..# #...........PPP.
##.###o..........PP..
#...r{..............
##..@.##.............
##...o####.........[.#
##.....# ##..........#
##..#...# ##.....<..##
##..#....### ##.......#
#..##..<...## #....##
##.###.......## #####
#.###.........##
#####..........#


You could see an orc warrior, an orc and a quokka.

Vanquished Creatures
  2 sky beasts
  An ice beast (D:6)
  A scorpion (D:6)
  2 howler monkeys
  An orc priest (D:5)
  2 hounds
  A worker ant (D:4)
  An iguana (D:4)
  2 orc wizards
  A worker ant zombie (D:5)
  3 gnolls
  A howler monkey skeleton (D:4)
  3 adders
  A shadow imp (D:5)
  2 oozes
  3 worms
  2 dart slugs
  3 leopard geckos
  8 orcs
  8 bats
  4 bat zombies (D:3)
  8 giant cockroaches
  7 goblins
  11 hobgoblins
  10 jackals
  A quokka (D:4)
  2 ball pythons
  8 frilled lizards
  6 kobolds
  12 rats
117 creatures vanquished.

Notes
Turn   | Place    | Note
-------+----------+-------------------------------------------
     0 | D:1      | Knicklaso the Draconian Artificer began the quest for the
                  | Orb.
     0 | D:1      | Reached XP level 1. HP: 16/16 MP: 3/3
   267 | D:1      | Reached XP level 2. HP: 20/24 MP: 4/4
   970 | D:1      | Reached XP level 3. HP: 29/30 MP: 5/5
  1437 | D:2      | Reached XP level 4. HP: 34/38 MP: 5/7
  1490 | D:2      | Found a snail-covered altar of Cheibriados.
  2123 | D:2      | Found an opulent altar of Gozag.
  2320 | D:2      | Found a stormy altar of Qazlal.
  2852 | D:3      | Reached XP level 5. HP: 44/46 MP: 8/8
  3355 | D:3      | Found an ancient bone altar of Kikubaaqudgha.
  4663 | D:4      | Found an ornate altar of the Wu Jian Council.
  4793 | D:4      | Reached skill level 5 in Evocations
  4823 | D:4      | Found a runed gate.
  4823 | D:4      | Found a runed gate.
  4823 | D:4      | Found a runed gate.
  4828 | D:4      | Noticed kit10's ghost (amateur HOFi)
  4849 | D:4      | Reached skill level 1 in Unarmed Combat
  4849 | D:4      | Reached XP level 6. HP: 44/53 MP: 9/9
  5837 | D:5      | Entered Level 5 of the Dungeon
  5884 | D:5      | Noticed brittlin's ghost (amateur HOFi)
  5886 | D:5      | Found a shadowy altar of Dithmenos.
  5908 | D:5      | Found a runed door.
  6046 | D:5      | Noticed a sky beast
  6065 | D:4      | Killed a sky beast
  6154 | D:5      | Found a hazy altar of Hepliaklqana.
  6169 | D:5      | Reached skill level 5 in Fighting
  6179 | D:5      | Your scales start taking on an icy white colour.
  6179 | D:5      | Reached XP level 7. HP: 31/61 MP: 11/11
  6179 | D:5      | Gained mutation: Your flesh is cold resistant. (rC+) [White
                  | Draconian growth]
  7183 | D:6      | Found Kiufin's Food Shoppe.
  7202 | D:6      | Found a staircase to the Ecumenical Temple.
  7319 | D:6      | Mangled by an orc warrior

Skill      XL: |  1  2  3  4  5  6  7 |
---------------+----------------------+-----
Fighting       | 2 3 4 5 |  5.5
Evocations     | 4 5 |  5.9
Unarmed Combat | 1 3 4 |  4.2
Short Blades   | |  1.0
Dodging        | |  1.7
Stealth        | |  0.8
Shields        | |  0.5

Action                   |  1- 3 |  4- 6 |  7- 9 || total
-------------------------+-------+-------+-------++-------
Melee: Short sword       |   133 |   194 |       ||   327
       Tailslap          |    11 |    35 |     8 ||    54
       Trident           |       |   116 |       ||   116
       Spear             |       |     4 |       ||     4
       Mace              |       |    29 |    95 ||   124
       Punch             |       |     1 |     1 ||     2
Throw: Stone             |    60 |    57 |     1 ||   118
 Abil: Breathe Frost     |       |       |     1 ||     1
Evoke: Wand              |     1 |     1 |       ||     2
  Use: Scroll            |       |     4 |       ||     4
       Potion            |       |       |     4 ||     4
 Stab: Sleeping          |     2 |     8 |       ||    10
  Eat: Chunk             |     2 |    13 |     2 ||    17
       Ration            |       |     1 |       ||     1
Armor: Skin              |    41 |   119 |    69 ||   229
Dodge: Dodged            |    96 |   208 |    94 ||   398
       Deflected         |     3 |     3 |     2 ||     8
Block: Buckler           |       |     4 |       ||     4
